Map: Site Delta LE

Players

Subwayeatn

  • Race: Zerg Zerg
  • League: Platinum
  • Spawn Location: 5:00

bullypulpit - Winner!

  • Race: Terran Terran
  • League: Platinum
  • Spawn Location: 11:00

VOD

Have the link to the VOD?

Description

Time

  • Played on: Nov. 10, 2023, 6:01 p.m.
  • Length: 11:42
Show
View Real Time Build Order
Export as new Build Order

Subwayeatn Zerg 

Build Orders: Hatch First 

Get SALT Encoding   

  12  0:00  Drone  
  13  0:12  Overlord  
  13  0:18  Drone  
  14  0:30  Drone x2  
  16  0:48  Hatchery  
  15  0:51  Drone  
  15  0:54  Drone  
  17  0:58  Drone  
  18  1:04  Extractor  
  17  1:14  Spawning Pool  
  17  1:17  Drone  
  17  1:20  Drone  
  18  1:30  Drone  
  19  1:38  Drone  
  20  1:55  Overlord  
  20  2:02  Queen  
  20  2:03  Queen  
  20  2:05  Zergling x4  
  26  2:13  Overlord  
  26  2:15  Drone  
  27  2:18  Metabolic Boost  
  27  2:24  Drone x2  
  29  2:33  Drone x2  
  31  2:42  Queen  
  33  2:46  Queen  
  33  2:50  Drone  
  36  2:55  Extractor  
  36  2:57  Extractor  
  34  3:00  Overlord  
  34  3:10  Drone  
  34  3:11  Drone  
  34  3:12  Drone  
  37  3:33  Drone x6  
  43  3:34  Baneling Nest  
  43  3:39  Lair  
  42  3:42  Queen  
  44  3:59  Drone x3  
  44  4:00  Drone x3  
  50  4:06  Drone x2  
  52  4:10  Overlord  
  52  4:13  Overlord  
  52  4:17  Overlord  
  52  4:36  Queen  
  52  4:37  Drone  
  52  4:38  Drone  
  56  4:40  Drone  
  56  4:41  Drone, Hatchery  
  56  4:44  Overseer  
  57  4:48  Zergling x2  
  57  4:49  Zergling x4  
  62  4:52  Zergling x4  
  62  4:55  Baneling x4  
  62  4:59  Centrifugal Hooks  
  62  5:03  Zergling x4  
  64  5:07  Baneling  
  64  5:08  Baneling x5  
  64  5:15  Zergling x4  
  64  5:16  Zergling x8  
  61  5:44  Extractor  
  60  5:50  Drone  
  60  5:53  Spire  
  60  5:54  Spore Crawler  
  60  5:55  Drone x10  
  69  6:01  Zergling x2  
  70  6:04  Zergling x2  
  70  6:09  Drone  
  73  6:11  Drone  
  73  6:13  Queen  
  73  6:15  Drone  
  73  6:17  Drone x2  
  73  6:18  Drone x4  
  82  6:21  Pneumatized Carapace  
  82  6:24  Overlord  
  82  6:25  Overlord x2  
  82  6:32  Baneling x3  
  82  6:33  Baneling x9  
  82  6:47  Drone x2  
  83  6:48  Drone  
  83  6:50  Hatchery  
  83  6:51  Spore Crawler  
  77  6:57  Overlord  
  77  7:02  Zergling x2  
  77  7:03  Zergling x16  
  86  7:11  Zergling x2  
  86  7:12  Zergling x6  
  80  7:15  Zergling x2  
  80  7:16  Zergling x4  
  61  7:47  Drone x11  
  72  7:53  Zerg Flyer Weapons Level 1  
  72  7:56  Queen  
  74  8:01  Drone x5  
  74  8:02  Queen  
  81  8:08  Zergling x2  
  81  8:12  Drone x3  
  85  8:19  Drone  
  86  8:22  Extractor  
  86  8:23  Drone x2  
  86  8:24  Drone x3, Extractor  
  86  8:25  Drone  
  86  8:26  Drone x2  
  90  8:40  Queen x3  
  96  8:46  Overlord x7  
  96  8:50  Overseer  
  96  8:53  Zergling x14  
  103  8:56  Overseer  
  103  9:05  Zergling x6  
  103  9:06  Zergling x10  
  111  9:30  Infestation Pit  
  110  9:31  Drone x4  
  110  9:32  Drone x6  
  120  9:42  Overseer  
  120  9:43  Overseer  
  120  9:46  Baneling x7  
  120  9:47  Zergling x2, Baneling x9  
  120  9:48  Zergling x22  
  120  9:51  Baneling x7  
  120  9:52  Baneling x10  
  132  9:56  Hatchery  
  132  9:57  Extractor  
  132  9:58  Extractor  
  129  10:00  Drone  
  129  10:01  Drone x2  
  125  10:25  Zergling x2  
  125  10:26  Zergling x30  
  118  10:42  Zergling x16  
  95  10:50  Zergling x2  
  95  10:51  Zergling x6  
  94  10:57  Zergling x4  
  94  11:03  Baneling x3  
  94  11:04  Baneling x4  
  91  11:08  Zergling x2  
  91  11:09  Zergling x4  
  89  11:14  Zergling x2  
Show
View Real Time Build Order
Export as new Build Order

bullypulpit Terran - Winner!

Build Orders:  

Get SALT Encoding   

  12  0:00  SCV  
  13  0:16  Supply Depot  
  13  0:17  SCV  
  14  0:29  SCV  
  15  0:39  Barracks  
  15  0:42  Refinery  
  15  0:44  SCV  
  16  0:56  SCV  
  17  1:08  SCV  
  18  1:26  Orbital Command  
  18  1:27  Barracks Reactor  
  18  1:46  Command Center  
  18  1:53  SCV  
  19  1:55  Supply Depot  
  19  2:03  Marine x2  
  19  2:05  SCV  
  22  2:17  SCV  
  22  2:19  Barracks  
  22  2:22  Marine x2  
  23  2:29  SCV  
  26  2:36  Barracks  
  26  2:40  Marine  
  26  2:41  Marine, SCV  
  29  2:54  SCV  
  29  2:57  Orbital Command  
  30  3:00  Marine x2  
  32  3:08  SCV  
  33  3:14  Supply Depot  
  33  3:16  Barracks Tech Lab  
  33  3:23  SCV x2  
  33  3:24  Refinery  
  33  3:26  Marine x2, Barracks Tech Lab  
  37  3:35  SCV x2  
  37  3:37  Stimpack  
  39  3:44  Marauder, Supply Depot  
  39  3:47  Combat Shield  
  41  3:48  Marine  
  41  3:53  Marauder  
  41  3:54  Marine  
  46  3:55  SCV  
  46  3:58  SCV  
  47  4:06  Supply Depot  
  47  4:11  Bunker, SCV x2  
  47  4:15  Marauder  
  47  4:16  Marauder  
  47  4:17  Marine x2  
  53  4:24  SCV x2  
  57  4:36  Supply Depot  
  57  4:37  Refinery, SCV x2  
  57  4:38  Marauder x2  
  63  4:47  Marine x2  
  65  4:52  Supply Depot  
  65  4:58  Factory  
  65  4:59  SCV x2  
  67  5:00  Barracks  
  67  5:01  Marauder  
  67  5:02  Marine  
  70  5:10  Refinery, Supply Depot, Marine x2  
  67  5:26  Marauder x2  
  67  5:28  SCV x2  
  63  5:30  Marine x2  
  63  5:33  Concussive Shells  
  60  5:38  Barracks  
  60  5:46  Factory Tech Lab  
  60  5:53  Engineering Bay x2  
  60  5:56  Barracks Reactor  
  60  5:57  Starport  
  60  5:58  Marauder x2, Marine x2  
  66  6:07  Supply Depot  
  66  6:10  Armory  
  66  6:13  Siege Tank  
  66  6:16  Marine  
  66  6:18  Marine  
  71  6:19  Marauder  
  71  6:24  Marauder  
  75  6:26  Barracks Reactor  
  75  6:27  SCV x2  
  77  6:38  Marine x3  
  77  6:39  Medivac  
  82  6:42  Command Center  
  82  6:45  Terran Infantry Weapons Level 1  
  82  6:51  Terran Infantry Armor Level 1, Marine  
  82  6:52  Marine x2  
  79  6:56  Marine  
  79  7:00  Marine  
  79  7:01  Marine  
  82  7:02  Marine  
  82  7:03  Marine  
  84  7:10  Marauder  
  86  7:18  Marauder, Marine x2  
  86  7:19  Medivac  
  86  7:22  Siege Tank  
  93  7:33  Marine  
  93  7:34  Marauder, Marine x3  
  93  7:35  SCV x2  
  93  7:37  Terran Vehicle Weapons Level 1  
  92  7:40  Marauder  
  88  7:45  Marine  
  88  7:47  SCV x2  
  91  7:55  Marauder  
  91  7:58  Marine x4  
  96  8:00  Medivac  
  96  8:01  Marauder  
  96  8:05  Supply Depot, SCV x2  
  103  8:11  Orbital Command  
  103  8:15  Marine  
  103  8:17  SCV x2  
  106  8:25  Refinery  
  106  8:26  Marauder, Marine  
  106  8:27  Marauder, Marine x3  
  110  8:28  Marine  
  110  8:31  Supply Depot  
  110  8:33  Medivac  
  117  8:35  Marine  
  118  8:44  Marine, Siege Tank  
  118  8:47  SCV x3  
  124  8:59  SCV  
  124  9:00  Supply Depot  
  124  9:01  SCV x2  
  124  9:02  Marauder x2, Marine x2  
  133  9:14  Command Center  
  133  9:16  Marine  
  133  9:21  Terran Infantry Weapons Level 2  
  133  9:22  Terran Infantry Armor Level 2, Marine, SCV x3, Medivac  
  133  9:23  Marauder  
  141  9:33  Supply Depot  
  141  9:54  Marine x2  
  141  9:55  Marauder x2, Marine x2  
  141  9:56  Starport Reactor  
  149  10:21  Marine x5, Siege Tank  
  149  10:22  Marauder x2, Marine  
  139  10:39  Marine x5  
  141  10:43  Marauder, Marine  
  141  10:44  Marauder, Liberator, Medivac  
  149  10:53  Siege Tank  
  149  10:56  Marine  
  149  10:57  Marine  
  146  10:58  Marine  
  146  10:59  Marine x2  
  146  11:00  Marine  
  145  11:04  Marauder  
  145  11:05  Marauder  
  148  11:14  Marine x2  
Tags
 
Add a new tag
Caveats
  • Supply blocks, unpowered buildings, or Contaminate may cause inaccurate times.
  • Supply counts are checked every 10 seconds.